 Dungeon Crawl Stone Soup version 0.30.1-11-g7821555f0a (webtiles) character file.

Game seed: 11087960627859370030

1570 Eryximachus the Destroyer (level 8, -1/50 HPs)
             Began as an Octopode Earth Elementalist on Dec 2, 2023.
             Was an Initiate of Gozag.
             Succumbed to a water moccasin's poison
             ... on level 6 of the Dungeon.
             The game lasted 00:15:38 (8141 turns).

Eryximachus the Destroyer (OpEE)                    Turns: 8141, Time: 00:15:39

Health: -1/50      AC:  1    Str:  7    XL:     8   Next: 90%
Magic:  9/11       EV: 12    Int: 19    God:    Gozag
Gold:   620        SH:  4    Dex: 13    Spells: 5/11 levels left

rFire   . . .        w - +2 dagger (venom)
rCold   + . .        u - +0 buckler
rNeg    . . .        (helmet restricted)
rPois   .            (no amulet)
rElec   .            W - ring of willpower
rCorr   .            C - ring of protection from cold
SInv    .            (no ring)
Will    +....        (no ring)
Stlth   +++          (no ring)
HPRegen 0.28/turn    (no ring)
MPRegen 0.12/turn    (no ring)
                     (no ring)

%: no passive effects
@: lethally poisoned (-1 -> -13), gold aura, attractive, hasted, very quick
A: almost no armour, amphibious, 8 rings, camouflage 1, gelatinous body 1,
(nimble swimmer 1), tentacles
a: Renounce Religion, Potion Petition, Call Merchant, Bribe Branch


You were on level 6 of the Dungeon.
You worshipped Gozag.
Gozag was pleased with you.
You visited 2 branches of the dungeon, and saw 7 of its levels.

You collected 664 gold pieces.
You paid 44 gold pieces to Gozag.


Innate Abilities, Weirdness & Mutations

You cannot wear most types of armour.
You are amphibious.
You can wear up to eight rings at the same time.
Your skin changes colour to match your surroundings (Stealth+).
Your rubbery body absorbs attacks. (AC +1, EV +1)
((You are camouflaged when in or above water. (Stealth+)))
You have tentacles for arms and can constrict up to eight enemies at once.


   Skills:
 - Level 2.0 Fighting
 - Level 2.0 Dodging
 - Level 3.0 Stealth
 - Level 3.0 Shields
 - Level 2.0 Spellcasting
 + Level 8.8 Conjurations
 - Level 4.0 Transmutations
 - Level 4.0 Earth Magic


You had 5 spell levels left.
You knew the following spells:

 Your Spells              Type           Power      Damage    Failure   Level
a - Passwall              Tmut/Erth      14%        N/A       8%          2
w - Stone Arrow           Conj/Erth      52%        3d10      6%          3
z - Sandblast             Erth           34%        2d9       5%          1

Your spell library contained the following spells:

 Spells                   Type           Power      Damage    Failure   Level
 Sting                    Tmut/Pois      36%        1d4       12%         1
 Poisonous Vapours        Pois/Air       2%         N/A       38%         2
 Sublimation of Blood     Necr           1%         N/A       38%         2
 Flame Wave               Conj/Fire      18%        2d7       41%         4
 Sticky Flame             Conj/Fire      18%        2d4       41%         4
 Petrify                  Tmut/Erth      17%        N/A       45%         4
 Irradiate                Conj/Tmut      13%        3d16      50%         5
 Frozen Ramparts          Ice            2%         1d1       63%         3
 Inner Flame              Hex/Fire       1%         N/A       63%         3
 Ozocubu's Armour         Ice            1%         N/A       63%         3
 Ice Form                 Ice/Tmut       9%         N/A       75%         4
 Olgreb's Toxic Radiance  Pois           1%         N/A       95%         4
 Summon Ice Beast         Ice/Summ       1%         N/A       95%         4
 Ozocubu's Refrigeration  Ice            0%         4d7       100%        7

Inventory:

Hand Weapons
 w - a +2 dagger of venom (weapon)
Missiles
 b - 56 stones (quivered)
 n - 8 poisoned darts
Armour
 u - a +0 buckler (worn)
Jewellery
 C - a ring of protection from cold (right tentacle)
 W - a ring of willpower (left tentacle)
Wands
 q - a wand of polymorph (21)
 s - a wand of charming (11)
Scrolls
 c - 2 scrolls of teleportation {@r2}
 g - 2 scrolls of amnesia {unknown}
 j - a scroll of vulnerability {unknown}
 l - 2 scrolls of identify {unknown}
 m - 3 scrolls of blinking {unknown}
 p - 2 scrolls of fear {unknown}
 r - a scroll of noise {unknown}
 t - 3 scrolls of poison {unknown}
 x - a scroll of torment {unknown}
 y - a scroll of fog {unknown}
Potions
 a - a potion of magic
 d - a potion of ambrosia {unknown}
 e - 3 potions of curing {unknown}
 f - 4 potions of haste {@q3}
 h - a potion of mutation {unknown}
 i - a potion of resistance {unknown}
 k - a potion of brilliance {unknown}
 o - 2 potions of attraction
 v - 3 potions of degeneration {unknown}
 z - a potion of lignification {unknown}
 A - a potion of heal wounds {unknown}

Dungeon Overview and Level Annotations

Branches:
Dungeon (6/15)             Temple (1/1) D:4

Altars:
Ashenzari
Dithmenos
Elyvilon
Fedhas
Gozag
Hepliaklqana
Kikubaaqudgha
Makhleb
Nemelex Xobeh
Okawaru
Qazlal
Ru
Sif Muna
Trog
Uskayaw
Wu Jian
Xom
Yredelemnul

Shops:
D:2 [   D:3 :   D:5 *

Annotations:
D:2 1 runed translucent door, Crazy Yiuf
D:4 1 runed translucent door, Okkudo's ghost, amateur HOMo

.........▒▒▒▒▒..........
...............▒▒'▒▒....
...............▒...▒....
........)......▒...▒....
▒▒▒▒▒▒'▒......'...▒....
.▒......▒......▒▒..▒....
.'......▒▒)▒▒▒▒▒▒..▒▒▒▒▒
.▒.....$..))...........▒
▒.....@.......?.......▒
▒.....$...............▒
▒.....................▒
▒.....................▒
▒▒▒....▒▒.............▒
▒....▒▒....▒▒▒..▒▒.▒▒
.....▒▒▒▒▒▒▒ ▒..▒ ▒▒
▒.....▒ ..▒


There were no monsters in sight!


Message History

* * * LOW HITPOINT WARNING * * *
You are lethally poisoned!
The water moccasin poisons you!
Casting: Sandblast (safe; 5% risk of failure)
Confirm with . or Enter, or press ? or * to list all spells.
Aiming: Sandblast (safe; 5% risk of failure)
Press: ? - help, Shift-Dir - straight line, f/p - water moccasin
Aim: a water moccasin (heavily wounded, constricted by you, 98% to hit)
The blast of sand hits the water moccasin!
The water moccasin is severely wounded.
You constrict the water moccasin.
* * * LOW HITPOINT WARNING * * *
You feel extremely sick. The water moccasin closely misses you.
You block the water moccasin's attack.
Casting: Sandblast (safe; 5% risk of failure)
Confirm with . or Enter, or press ? or * to list all spells.
Aiming: Sandblast (safe; 5% risk of failure)
Press: ? - help, Shift-Dir - straight line, f/p - water moccasin
Aim: a water moccasin (almost dead, constricted by you, 98% to hit)
The blast of sand hits the water moccasin!
You kill the water moccasin!
* * * LOW HITPOINT WARNING * * *
You feel extremely sick.
It was a potion of haste.
You feel yourself speed up.
* * * LOW HITPOINT WARNING * * *
You feel very sick.
It was a potion of attraction.
You feel attractive to monsters.
You die...
Your body crumbles into a pile of gold.

Skill      XL: |  1  2  3  4  5  6  7  8 |
---------------+-------------------------+-----
Stealth        | 3 |  3.0
Earth Magic    | 4 |  4.0
Fighting       | 1 2 |  2.0
Transmutations | 2 3 4 |  4.0
Conjurations   | 1 2 3 5 8 |  8.8
Shields        | 1 2 3 |  3.0
Dodging        | |  2.0
Spellcasting   | |  2.0

Action                     |  1- 3 |  4- 6 |  7- 9 || total
---------------------------+-------+-------+-------++-------
  Melee: Dagger            |    10 |    91 |    60 ||   161
         Constrict         |     3 |    29 |    11 ||    43
         Tentacles         |     2 |    30 |    15 ||    47
         Punch             |       |     1 |       ||     1
  Throw: Stone             |       |     2 |     2 ||     4
   Cast: Sandblast         |    41 |    63 |    58 ||   162
         Stone Arrow       |       |       |     7 ||     7
    Use: Scroll            |     1 |       |       ||     1
         Potion            |       |       |     2 ||     2
   Stab: Sleeping          |       |     4 |     1 ||     5
         Distracted        |       |       |     1 ||     1
 Armour: Skin              |     3 |    13 |     7 ||    23
  Dodge: Dodged            |    27 |    41 |    33 ||   101
  Block: Buckler           |       |     9 |    19 ||    28

Levels and vault maps discovered:
D:1:      dpeg_arrival_radiant, layout_basic,
          shapermc_ecumenical_altar_mp_urbaneastern, minmay_strange_pillars
D:2:      layout_loops_ring, serial_shops, shop, nicolae_grassy_gnolls,
          uniq_crazy_yiuf_cottage
D:3:      layout_basic, serial_shops, nicolae_book_shop_shelving, uniq_terence
D:4:      layout_rooms, minmay_temple_entry_large_hall, gammafunk_ghost_grave
D:5:      layout_loops_ring, mainiacjoe_overflow_paths, nicolae_shop_fire_sale
          [nicolae_sub_dead_trees], hangedman_feature_mirror
D:6:      layout_gridville
Temple:   minmay_temple_bridge_d

Notes
Turn   | Place    | Note
-------+----------+-------------------------------------------
     0 | D:1      | Eryximachus the Octopode Earth Elementalist began the quest
                  | for the Orb.
     0 | D:1      | Reached XP level 1. HP: 11/11 MP: 3/3
    52 | D:1      | Reached skill level 3 in Stealth
    69 | D:1      | Reached XP level 2. HP: 17/17 MP: 1/5
  1074 | D:1      | Found a faded altar of an unknown god.
  1309 | D:1      | Reached skill level 4 in Earth Magic
  1322 | D:1      | Learned a level 2 spell: Passwall
  1407 | D:1      | Reached XP level 3. HP: 21/21 MP: 4/6
  2208 | D:2      | Reached skill level 1 in Fighting
  2286 | D:2      | Found a runed translucent door.
  2287 | D:2      | Noticed Crazy Yiuf
  2308 | D:2      | Found Zoysh's Armour Shop.
  2341 | D:2      | Reached XP level 4. HP: 28/28 MP: 4/7
  2375 | D:2      | Reached skill level 2 in Transmutations
  2395 | D:2      | Learned a level 3 spell: Stone Arrow
  3250 | D:3      | Noticed a scorpion
  3260 | D:3      | Noticed Terence
  3386 | D:3      | Reached skill level 2 in Fighting
  3432 | D:3      | Found Tetos's Book Shop.
  3548 | D:3      | Killed Terence
  3549 | D:3      | Reached skill level 1 in Conjurations
  3549 | D:3      | Reached XP level 5. HP: 22/34 MP: 4/8
  3842 | D:3      | Reached skill level 1 in Shields
  3842 | D:3      | Reached skill level 3 in Transmutations
  4125 | D:3      | Reached skill level 2 in Conjurations
  4362 | D:4      | Reached XP level 6. HP: 39/39 MP: 5/9
  4655 | D:4      | Found a staircase to the Ecumenical Temple.
  4675 | Temple   | Entered the Ecumenical Temple
  4773 | Temple   | Became a worshipper of Gozag Ym Sagoz the Greedy
  4905 | D:4      | Found a runed translucent door.
  4936 | D:4      | Noticed Okkudo's ghost (amateur HOMo)
  5018 | D:4      | Reached skill level 2 in Shields
  5218 | D:5      | Entered Level 5 of the Dungeon
  5414 | D:5      | Found an ancient bone altar of Kikubaaqudgha.
  5428 | D:5      | Reached skill level 3 in Conjurations
  5636 | D:5      | Noticed an ice beast
  5638 | D:5      | Reached skill level 4 in Transmutations
  5638 | D:5      | Reached XP level 7. HP: 45/45 MP: 6/10
  5819 | D:5      | Reached skill level 3 in Shields
  5823 | D:5      | Reached skill level 4 in Conjurations
  6000 | D:5      | Found a sacrificial altar of Ru.
  6012 | D:5      | Reached skill level 5 in Conjurations
  6157 | D:5      | Reached XP level 8. HP: 47/50 MP: 11/11
  6216 | D:5      | Reached skill level 6 in Conjurations
  6317 | D:5      | Found Gutaraojixy's Fire Supplies.
  6475 | D:5      | Found a shimmering altar of Xom.
  6816 | D:6      | Reached skill level 7 in Conjurations
  7010 | D:5      | HP: 3/50 [something (4)]
  7876 | D:6      | Reached skill level 8 in Conjurations
  8139 | D:6      | HP: 3/50 [poisoned by a water moccasin]
  8140 | D:6      | HP: 1/50 [poisoned by a water moccasin]
  8141 | D:6      | Succumbed to a water moccasin's poison

Vanquished Creatures
  2 water moccasins
  An orc warrior (D:6)
  2 ice beasts
  A sky beast (D:6)
  An ogre (D:5)
  A centaur (D:5)
  2 scorpions
  A howler monkey (D:5)
  A jelly (D:4)
  3 hounds (D:5)
  A sleepcap (D:5)
  Terence (D:3)
  2 iguanas
  5 orc wizards
  9 gnolls
  10 adders
  A white imp (D:6)
  4 dart slugs
  2 worms (D:4)
  27 orcs
  7 bats
  9 endoplasms
  5 giant cockroaches
  9 goblins
  10 hobgoblins
  3 jackals
  4 quokkas
  8 ball pythons
  2 frilled lizards (D:3)
  7 kobolds
141 creatures vanquished.

Table legend: (Time is in decaauts)
 A = Elapsed time spent in this place.
 B = Non-inter-level travel time spent in this place.
 C = Inter-level travel time spent in this place.
 D = Time resting spent in this place.
 E = Time spent auto-exploring this place.
 F = Levels seen in this place.
 G = Mean time per level.
                   A        B        C        D        E       F      G
               +--------+--------+--------+--------+--------+-----+--------+
         Total |   8237 |   7943 |    294 |   3282 |   3112 |   7 | 1176.7 |
       Dungeon |   8065 |   7871 |    194 |   3282 |   3050 |   6 | 1344.2 |
        Temple |    171 |     71 |    100 |      0 |     62 |   1 |  171.0 |
               +--------+--------+--------+--------+--------+-----+--------+

Top non-repeatable levels by time:
     D:5: 2075 daAuts
     D:1: 1886 daAuts
     D:2: 1273 daAuts
     D:3: 1158 daAuts
     D:4: 940 daAuts
     D:6: 730 daAuts
  Temple: 171 daAuts

Table legend:
 A = Non-vault XP
 B = Vault XP
 C = Vault XP percentage of total XP
 D = Non-vault monster count
 E = Vault monster count
 F = Vault count percentage of total count
                 A         B        C        D         E       F
            +---------+---------+-------+---------+---------+-------
      Total |    1988 |     255 |  11.4 |     135 |       6 |   4.3
            +---------+---------+-------+---------+---------+-------
        D:1 |      43 |       0 |   0.0 |      23 |       0 |   0.0
        D:2 |      41 |      43 |  51.2 |      17 |       3 |  15.0
        D:3 |     128 |      36 |  22.0 |      20 |       1 |   4.8
        D:4 |     168 |       0 |   0.0 |      27 |       0 |   0.0
        D:5 |     864 |     176 |  16.9 |      26 |       2 |   7.1
        D:6 |     744 |       0 |   0.0 |      22 |       0 |   0.0
            +---------+---------+-------+---------+---------+-------
